AoeStats
← AxD | Cad Bane

Arena

506566812Analyzed
3v3 RM · 19d ago on Sep 14, 2026· 51m 12s· 6 players
Game mode
Random Map
Map size
Normal (6 player)
Population
200
Speed
Normal
Resources
Standard
Victory
Conquest
Starting age
Dark Age
Ending age
Imperial Age
RankedLock teamsTeams togetherTeam positionsShared explorationLock speedFull tech treeHidden civsTurbo modeCheats
Victory
Defeat
🇵🇪 Turks · Peru
1808
+9
🇵🇪 Khmer · Peru
1696
+13
🇦🇷 Burmese · Argentina
1641
+16
🇨🇱 Dravidians · Chile
1682
-14
🇸🇻 Koreans · El Salvador
1666
-14
🇦🇷 Lithuanians · Argentina
1568
-10
Christine
1:27 Loom
10:40 Feudal Age
13:41 Castle Age
13:01 Double-Bit Axe
12:58 Horse Collar
14:51 Bow Saw
22:56 Wheelbarrow
22:26 Heavy Plow
24:18 Hand Cart
27:37 Imperial Age
25:00 Loom
27:48 Bloodlines
27:38 Husbandry
27:00 Light Cavalry
27:52 Stone Mining
27:55 Gold Mining
28:39 Scale Barding Armor
28:45 Forging
29:41 Stone Shaft Mining
29:44 Gold Shaft Mining
30:12 Chain Barding Armor
31:06 Crop Rotation
31:23 Iron Casting
30:17 Hussar
32:49 Scale Mail Armor
33:49 Blast Furnace
32:53 Heavy Scorpion
34:39 Chain Mail Armor
35:21 Ballistics
36:01 Chemistry
35:16 Pikeman
35:57 Halberdier
36:57 Siege Engineers
39:29 Double Crossbow
43:01 Capped Ram
44:13 Siege Ram
50:25 Arson
CL_lorecs
10:29 Feudal Age
10:36 Loom
14:32 Double-Bit Axe
18:00 Castle Age
19:33 Bow Saw
24:33 Horse Collar
32:15 Wheelbarrow
36:07 Imperial Age
35:02 Hand Cart
36:49 Fletching
37:14 Stone Mining
37:15 Gold Mining
38:26 Two-Man Saw
37:27 Heavy Plow
38:30 Ballistics
38:07 Bodkin Arrow
39:10 Bombard Tower
39:12 Fortified Wall
39:49 Bloodlines
39:00 Heavy Camel Rider
40:26 Hoardings
40:03 Masonry
40:15 Forging
40:59 Scale Barding Armor
41:31 Iron Casting
43:35 Thumb Ring
43:55 Parthian Tactics
45:15 Bombard Tower
45:17 Artillery
45:37 Conscription
45:38 Bracer
47:17 Sipahi
47:05 Padded Archer Armor
47:09 Heavy Cavalry Archer
48:07 Leather Archer Armor
49:15 Architecture
48:49 Treadmill Crane
49:35 Husbandry
49:35 Husbandry
50:09 Ring Archer Armor
51:02 Chain Barding Armor
51:43 Blast Furnace
52:26 Plate Barding Armor
the best BO's
9:18 Feudal Age
9:29 Loom
13:21 Castle Age
23:15 Redemption
23:25 Sanctity
28:58 Horse Collar
34:29 Wheelbarrow
33:43 Town Watch
34:21 Gold Mining
35:28 Hand Cart
36:08 Gold Shaft Mining
36:16 Stone Mining
39:56 Imperial Age
38:09 Padded Archer Armor
38:41 Ballistics
38:59 Masonry
39:03 Fortified Wall
39:05 Masonry
40:05 Elite Arambai
41:51 Chemistry
41:35 Conscription
41:34 Bloodlines
41:25 Husbandry
43:25 Murder Holes
44:01 Architecture
43:22 Fletching
47:10 Manipur Cavalry
48:28 Siege Engineers
AxD | MatrixWars
10:00 Feudal Age
13:48 Castle Age
12:43 Double-Bit Axe
12:59 Horse Collar
14:50 Bow Saw
19:04 Loom
19:47 Town Watch
23:14 Wheelbarrow
23:57 Scale Barding Armor
24:06 Forging
24:25 Devotion
24:48 Gold Mining
24:30 Light Cavalry
27:37 Iron Casting
27:07 Scale Barding Armor
32:06 Imperial Age
30:16 Bloodlines
30:06 Husbandry
30:28 Chain Barding Armor
32:14 Cavalier
33:30 Plate Barding Armor
34:14 Paladin
36:58 Hand Cart
36:50 Winged Hussar
38:07 Heavy Plow
39:10 Two-Man Saw
39:12 Conscription
41:43 Coinage
41:50 Hoardings
43:35 Banking
44:16 Pikeman
44:56 Squires
44:57 Scale Mail Armor
45:11 Fletching
45:49 Ballistics
45:40 Masonry
46:30 Chemistry
46:32 Bodkin Arrow
46:00 Halberdier
49:09 Fortified Wall
49:29 Architecture
48:40 Treadmill Crane
50:50 Chain Mail Armor
50:36 Bracer
AxD | Cad Bane
5:32 Loom
8:35 Feudal Age
9:41 Fletching
24:58 Castle Age
24:16 Double-Bit Axe
41:45 Wheelbarrow
42:46 Bow Saw
42:20 Horse Collar
43:47 Hand Cart
43:17 Town Watch
43:31 Stone Mining
43:32 Gold Mining
46:58 Imperial Age
44:36 Padded Archer Armor
45:07 Heavy Plow
45:19 Forging
45:04 Bodkin Arrow
45:35 Ballistics
46:45 Bodkin Arrow
47:06 Leather Archer Armor
48:43 Chemistry
48:21 Medical Corps
47:48 Elite Elephant Archer
49:31 Conscription
49:22 Thumb Ring
49:34 Bracer
50:24 Elite Skirmisher
AxD | Kurumi 002
5:38 Loom
8:26 Feudal Age
12:50 Double-Bit Axe
12:58 Fletching
16:00 Double-Bit Axe
21:29 Castle Age
33:17 Murder Holes
33:43 Ballistics
40:36 Imperial Age
38:43 Stone Mining
38:44 Gold Mining
39:30 Eupseong
40:04 Bodkin Arrow
40:49 Scale Mail Armor
41:00 Forging
42:30 Bracer
41:58 Crossbowman
43:10 Arbalester
44:23 Bow Saw
46:55 Thumb Ring
49:35 Chemistry
50:55 Horse Collar
Connection lost

Rejoining the realm…

Still unreachable

The connection could not be restored.

Session expired

The server has moved on; the page needs a fresh start.